 Dungeon Crawl Stone Soup version 0.25.1-2-g60ff931df9 (webtiles) character file.

Game seed: 2737443546887849249

97 HawFromDerth the Conjurer (level 4, -4/24 HPs)
             Began as a Deep Elf Conjurer on Sept 20, 2020.
             Slain by a goblin
             ... wielding a +1 dagger of protection
             ... led by Robin
              (5 damage)
             ... on level 2 of the Dungeon.
             The game lasted 00:05:19 (2099 turns).

HawFromDerth the Conjurer (Deep Elf Conjurer)       Turns: 2099, Time: 00:05:19

Health: -4/24      AC:  2    Str:  5    XL:     4   Next: 42%
Magic:  0/11       EV: 13    Int: 21    God:
Gold:   62         SH:  0    Dex: 15    Spells: 4/10 levels left

rFire    + . .     SeeInvis .   (no weapon)
rCold    . . .     Gourm    .   (no shield)
rNeg     . . .     Faith    .   a - +0 robe
rPois    .         Spirit   .   (no helmet)
rElec    .         Reflect  .   (no cloak)
rCorr    .         Harm     .   (no gloves)
MR       +....                  (no boots)
Stlth    ++........             (no amulet)
HPRegen  0.08/turn              h - ring of protection from magic
MPRegen  0.12/turn              k - ring of protection from fire

@: no status effects
A: no striking features
a: no special abilities


You were on level 2 of the Dungeon.
You were not hungry.

You visited 1 branch of the dungeon, and saw 2 of its levels.

You collected 62 gold pieces.

Inventory:

Armour
 a - a +0 robe (worn)
Jewellery
 e - a +6 ring of strength
 h - a ring of protection from magic (left hand)
 k - a ring of protection from fire (right hand)
Scrolls
 i - a scroll of teleportation
 j - a scroll of identify
Potions
 d - a potion of curing
 f - a potion of ambrosia {unknown}
 g - a potion of lignification {unknown}
Comestibles
 b - 6 chunks of flesh
 c - 4 rations


   Skills:
 + Level 3.0 Dodging
 + Level 2.9 Stealth
 + Level 3.6 Spellcasting
 + Level 5.9 Conjurations


You had 4 spell levels left.
You knew the following spells:

 Your Spells              Type           Power        Failure   Level  Hunger
a - Magic Dart            Conj           ####         1%          1    None
b - Searing Ray           Conj           ####..       1%          2    ##.....
c - Dazzling Flash        Conj/Hex       ###...       11%         3    ###....

Your spell library contained the following spells:

 Spells                   Type           Power        Failure   Level  Hunger
 Fulminant Prism          Conj/Hex       ###.......   36%         4    ####...
 Iskenderun's Mystic Bla  Conj/Tloc      ###.....     36%         4    ####...


Dungeon Overview and Level Annotations

Branches:
Dungeon (2/15)

Altars:
Dithmenos
Kikubaaqudgha
Trog

Annotations:
D:2 Robin


Message History

The goblin hits you but does no damage.
Casting: Magic Dart (safe; 1% risk of failure)
Confirm with . or Enter, or press ? or * to list all spells.
Aiming: Magic Dart (safe; 1% risk of failure)
Press: ? - help, Shift-Dir - straight line, f/p - goblin
Aim: a goblin, wielding a +1 dagger of protection (heavily wounded, strong)
The magic dart hits the goblin.
The goblin is severely wounded.
The goblin hits you with a +1 dagger of protection.
* * * LOW HITPOINT WARNING * * *
Casting: Magic Dart (safe; 1% risk of failure)
Confirm with . or Enter, or press ? or * to list all spells.
You don't have enough magic to cast that spell.
Unknown command.
You closely miss the goblin.
The goblin is severely wounded.
Something hits you.
* * * LOW HITPOINT WARNING * * *
The goblin hits you with a +1 dagger of protection.
You die...

#.###....(..+.........+...
#........####.........####
######..## ##.......## #
#.## **,,,,,** * #.#
**,,,** * #.# **+** * #รท#
*,* * #.####### *,********
#..g@{g.#***,*,,,,,**
######)).#*,,,,,,,,**
*.ggg...,,,,,,**
*...##..,,,,,,,,
*####**.*,,,,,** *********


You could see a hobgoblin (strong) and 4 goblins.

Vanquished Creatures
  5 adders (D:2)
  2 dart slugs (D:2)
  A leopard gecko (D:2)
  4 bats
  A giant cockroach (D:2)
  9 goblins
  6 hobgoblins
  2 quokkas (D:2)
  2 ball pythons (D:2)
  2 frilled lizards (D:2)
  7 kobolds
  5 rats
46 creatures vanquished.

Notes
Turn   | Place    | Note
-------+----------+-------------------------------------------
     0 | D:1      | HawFromDerth the Deep Elf Conjurer began the quest for the
                  | Orb.
     0 | D:1      | Reached XP level 1. HP: 10/10 MP: 6/6
   294 | D:1      | Reached XP level 2. HP: 15/15 MP: 2/8
   732 | D:1      | Reached skill level 5 in Conjurations
  1091 | D:2      | Reached XP level 3. HP: 19/19 MP: 6/9
  1285 | D:2      | Found a shadowy altar of Dithmenos.
  1544 | D:2      | Found an ancient bone altar of Kikubaaqudgha.
  1555 | D:2      | Found a bloodstained altar of Trog.
  1792 | D:2      | Reached XP level 4. HP: 24/24 MP: 6/11
  1796 | D:2      | Learned a level 2 spell: Searing Ray
  1800 | D:2      | Learned a level 3 spell: Dazzling Flash
  2084 | D:2      | Noticed Robin
  2099 | D:2      | HP: 1/24 [something (5)]
  2099 | D:2      | Slain by a goblin

Illustrated notes

Levels and vault maps discovered:
D:1:      psy_arrival_basics, layout_basic, minmay_misc_feat_square,
          minmay_statues_item, minmay_misc_feat_diagonals
D:2:      layout_loops_corners, grunt_temple_overflow_open,
          grunt_dithmenos_smoke_and_mirrors, uniq_robin

Skill      XL: |  1  2  3 |
---------------+----------+-----
Conjurations   | 5 |  5.9
Dodging        | 3 |  3.0
Stealth        | |  2.9
Spellcasting   | |  3.6

Action                   |  1- 3 |  4- 6 || total
-------------------------+-------+-------++-------
Melee: Unarmed           |       |     4 ||     4
 Cast: Magic Dart        |    64 |     6 ||    70
       Searing Ray       |       |     9 ||     9
       Dazzling Flash    |       |     1 ||     1
  Use: Scroll            |     4 |       ||     4
       Potion            |     1 |       ||     1
  Eat: Chunk             |     2 |     2 ||     4
Armor: Robe              |     2 |       ||     2
Dodge: Dodged            |     5 |     3 ||     8
